 Dungeon Crawl Stone Soup version 0.20.2-3-g29329e0561 (webtiles) character file.

358 Alfie the Shooter (level 6, 0/52 HPs)
             Began as a Minotaur Hunter on May 5, 2020.
             Slain by Grinder (5 damage)
             ... on level 4 of the Dungeon.
             The game lasted 00:09:52 (2790 turns).

Alfie the Shooter (Minotaur Hunter)                 Turns: 2790, Time: 00:09:53

Health: 0/52       AC:  7    Str: 23    XL:     6   Next: 37%
Magic:  5/5        EV: 12    Int:  8    God:
Gold:   124        SH:  0    Dex:  9    Spells: 5/5 levels left

rFire    . . .     SeeInvis .   a - +2 shortbow
rCold    . . .     Gourm    .   (shield currently unavailable)
rNeg     . . .     Faith    .   c - +2 leather armour
rPois    .         Spirit   .   (helmet restricted)
rElec    .         Reflect  .   (no cloak)
rCorr    .         Harm     .   l - +0 pair of gloves
MR       .....                  (no boots)
Stlth    +.........             (no amulet)
Regen    0.2/turn               h - +5 ring of strength
MPRegen  0.1/turn               (no ring)

@: no status effects
A: retaliatory headbutt, horns 2, clumsy 1, shaggy fur 1
a: no special abilities


You were on level 4 of the Dungeon.
You were not hungry.

You visited 1 branch of the dungeon, and saw 4 of its levels.

You collected 124 gold pieces.

Inventory:

Hand Weapons
 a - a +2 shortbow (weapon)
 b - a +2 short sword
 n - a +0 dagger of venom
Missiles
 d - 31 arrows (quivered)
 q - 5 tomahawks
Armour
 c - a +2 leather armour (worn)
 l - a +0 pair of gloves (worn)
Jewellery
 g - an uncursed ring of resist corrosion
 h - a +5 ring of strength (left hand)
Scrolls
 e - 3 scrolls of recharging
 j - 5 scrolls of identify
 k - a scroll of teleportation
 r - a scroll of enchant weapon
 s - 2 scrolls of remove curse
 t - a scroll of magic mapping
Potions
 i - a potion of haste {unknown}
 o - a potion of magic {unknown}
 p - a potion of brilliance {unknown}
 u - a potion of curing
Comestibles
 f - 2 bread rations
 m - a royal jelly


   Skills:
 + Level 3.7 Fighting
 + Level 2.2 Short Blades
 + Level 6.9 Bows
 + Level 2.4 Armour
 + Level 2.5 Dodging
 + Level 1.0 Stealth


You had 5 spell levels left.
You didn't know any spells.

Dungeon Overview and Level Annotations

Branches:
Dungeon (4/15)
 Temple: D:4-7

Altars:
Fedhas
Kikubaaqudgha
Vehumet
Xom

Annotations:
D:4 Grinder


Innate Abilities, Weirdness & Mutations

You reflexively headbutt those who attack you in melee.
You have a pair of horns on your head.
You are clumsy. (Dex -2)
You are covered in fur. (AC +1)


Message History

The bullfrog hits you.
* * * LOW HITPOINT WARNING * * *
Grinder says, "DUCK!"
Grinder closely misses you.
Firing (i - inventory. (,) - cycle):
d - 32 arrows (quivered)
Press: ? - help, Shift-Dir - straight line, f/p - Grinder
Aim: Grinder (severely wounded)
You shoot an arrow. The arrow hits Grinder.
Grinder is almost dead.
The bullfrog hits you.
* * * LOW HITPOINT WARNING * * *
The bullfrog hits you.
* * * LOW HITPOINT WARNING * * *
Grinder closely misses you. You furiously retaliate!
You headbutt Grinder.
You feel better. The bullfrog hits you!
* * * LOW HITPOINT WARNING * * *
Grinder hits you.
* * * LOW HITPOINT WARNING * * *
You writhe in agony.
You die...

#.. #...†..#.# #.# #.####.#.#
#.# #.# #...# #.# # #.# #####
#.# #.#.#
#########.#########.#.#######
.......†........5$..§....F...
.########.###########.# .#
#......5@F(.(.# .#
################# .# #.......
.# #..... .# #...
†######.###+###
>..........(..#
#######.#...§..# #.#...§..#


You could see Grinder and a bullfrog.

Vanquished Creatures
  The ghost of Alfie the Shooter, an amateur MiHu (D:3)
  An orc wizard (D:3)
  A worker ant (D:4)
  A hound skeleton (D:4)
  7 adders
  An ooze (D:1)
  An adder skeleton (D:4)
  A worm (D:2)
  A dart slug (D:2)
  5 leopard geckos
  5 orcs
  6 giant cockroaches
  3 goblins
  6 hobgoblins
  6 jackals
  A quokka (D:4)
  2 ball pythons
  8 bats
  3 frilled lizards
  6 kobolds
  14 rats
80 creatures vanquished.

Notes
Turn   | Place    | Note
-------+----------+-------------------------------------------
     0 | D:1      | Alfie the Minotaur Hunter began the quest for the Orb.
     0 | D:1      | Reached XP level 1. HP: 18/18 MP: 0/0
   162 | D:1      | Reached XP level 2. HP: 25/25 MP: 1/1
   177 | D:1      | Reached skill level 5 in Bows
   587 | D:1      | Reached XP level 3. HP: 28/30 MP: 2/2
   974 | D:2      | Reached skill level 1 in Short Blades
  1045 | D:2      | Reached skill level 1 in Stealth
  1320 | D:2      | Reached skill level 1 in Armour
  1320 | D:2      | Reached XP level 4. HP: 37/37 MP: 3/3
  1345 | D:2      | Found a shimmering altar of Xom.
  1345 | D:2      | Found a shimmering altar of Xom.
  1571 | D:2      | Found a shimmering altar of Xom.
  1571 | D:2      | Found a shimmering altar of Xom.
  1573 | D:2      | Found a shimmering altar of Xom.
  1574 | D:2      | Found a shimmering altar of Xom.
  1574 | D:2      | Found a shimmering altar of Xom.
  1741 | D:3      | Noticed Alfie's ghost (amateur MiHu)
  1760 | D:3      | Killed Alfie's ghost
  1760 | D:3      | Reached skill level 6 in Bows
  1760 | D:3      | Reached XP level 5. HP: 16/45 MP: 4/4
  1774 | D:3      | Gained mutation: You are clumsy. (Dex -2) [potion of mutation]
  1774 | D:3      | Gained mutation: You are covered in fur. (AC +1) [potion of mutation]
  1804 | D:3      | Reached XP level 6. HP: 51/51 MP: 5/5
  2401 | D:3      | Found a blossoming altar of Fedhas.
  2403 | D:3      | Found an ancient bone altar of Kikubaaqudgha.
  2698 | D:4      | Found a radiant altar of Vehumet.
  2770 | D:4      | Noticed Grinder
  2790 | D:4      | Slain by Grinder

Skill      XL: |  1  2  3  4 |
---------------+-------------+-----
Bows           | 5 6 |  6.9
Short Blades   | 1 2 |  2.2
Stealth        | 1 |  1.0
Armour         | 1 2 |  2.4
Fighting       | 3 |  3.7
Dodging        | |  2.5

Action                   |  1- 3 |  4- 6 || total
-------------------------+-------+-------++-------
Melee: Short sword       |    60 |    27 ||    87
       Headbutt          |     4 |     8 ||    12
 Fire: Shortbow          |    30 |   106 ||   136
  Use: Scroll            |     5 |     7 ||    12
       Potion            |       |     4 ||     4
  Eat: Bread ration      |     1 |     1 ||     2
Armor: Leather armour    |    13 |    20 ||    33
Dodge: Dodged            |    37 |    25 ||    62
